 Dungeon Crawl Stone Soup version 0.27.0-66-gdc8fb28755 (webtiles) character file.

Game seed: 11312996763256247185

2049 ZARRMARR the Geomancer (level 9, -1/47 HPs)
             Began as a Gargoyle Earth Elementalist on Aug 19, 2021.
             Was a Follower of Vehumet.
             Shot with an arrow by a centaur (10 damage)
             ... on level 6 of the Dungeon.
             The game lasted 00:38:06 (13185 turns).

ZARRMARR the Geomancer (GrEE)                      Turns: 13185, Time: 00:38:06

Health: -1/47      AC: 11    Str: 11    XL:     9   Next: 25%
Magic:  27/29      EV: 12    Int: 20    God:    Vehumet [*.....]
Gold:   119        SH:  0    Dex: 10    Spells: 22/23 levels left

rFire    + . .     SeeInvis .   (no weapon)
rCold    + . .     Faith    .   (no shield)
rNeg     + . .     Spirit   .   r - +1 robe {rC+ rF+}
rPois    ∞         Reflect  .   i - +0 helmet
rElec    +         Harm     .   (no cloak)
rCorr    .         Rampage  .   d - +0 pair of gloves
Will     .....                  (no boots)
Stlth    ++........             (no amulet)
HPRegen  0.15/turn              a - ring of magical power
MPRegen  0.21/turn              (no ring)

@: no status effects
A: sickness immunity, AC +6, negative energy resistance 1, electricity
resistance, torment resistance 1, petrification resistance
a: Renounce Religion


You were on level 6 of the Dungeon.
You worshipped Vehumet.
Vehumet was aware of your devotion.
You visited 1 branch of the dungeon, and saw 6 of its levels.

You collected 203 gold pieces.
You spent 84 gold pieces at shops.

Inventory:

Missiles
 c - 45 stones
 e - 6 curare-tipped darts
 j - 33 poisoned darts (quivered)
Armour
 d - a +0 pair of gloves (worn)
 i - a +0 helmet (worn)
 q - a +2 robe of willpower
 r - a +1 robe of resistance (worn)
Jewellery
 a - a ring of magical power (left hand)
 g - a ring of fire
Wands
 n - a wand of paralysis (16)
 p - a wand of iceblast (5)
Scrolls
 f - 2 scrolls of immolation
 h - 3 scrolls of noise
 l - a scroll of teleportation
 m - a scroll of enchant weapon
Potions
 b - a potion of might {unknown}
 o - a potion of haste


   Skills:
 + Level 1.2 Fighting
 + Level 2.6 Dodging
 + Level 4.2 Stealth
 + Level 7.5 Spellcasting
 + Level 0.7 Transmutations
 + Level 9.9 Earth Magic


You had 22 spell levels left.
You knew the following spells:

 Your Spells              Type           Power      Damage    Failure   Level
a - Sandblast             Erth           94%        2d19      1%          1

Your spell library contained the following spells:

 Spells                   Type           Power      Damage    Failure   Level
 Magic Dart               Conj           28%        1d4       9%          1
 Passwall                 Tmut/Erth      23%        N/A       1%          2
 Stone Arrow              Conj/Erth      54%        3d10      3%          3
 Petrify                  Tmut/Erth      28%        N/A       10%         4
 Inner Flame              Hex/Fire       7%         N/A       26%         3
 Cause Fear               Hex            3%         N/A       65%         4
 Discord                  Hex            3%         N/A       100%        8


Dungeon Overview and Level Annotations

Branches:
Dungeon (6/15)             Temple (0/1) D:5

Altars:
Dithmenos
Fedhas
Gozag
Makhleb
Okawaru
Ru
Vehumet
The Shining One

Shops:
D:4 !   D:6 ?


Innate Abilities, Weirdness & Mutations

You are immune to sickness and miasma.
Your stone body is resilient. (AC +6)
You are immune to poison.
You resist negative energy. (rN+)
You are resistant to electric shocks. (rElec)
You are resistant to unholy torment.
You are immune to petrification.


Message History

Casting: Sandblast (safe; 1% risk of failure)
Confirm with . or Enter, or press ? or * to list all spells.
Aiming: Sandblast (safe; 1% risk of failure)
Press: ? - help, Shift-Dir - straight line, f/p - ogre
Aim: an ogre, wielding a +0 giant club (lightly wounded, poisoned, 92% to hit)
The blast of sand hits the ogre!!
The ogre is almost dead.
c - 48 stones A bullfrog zombie comes into view.
Casting: Sandblast (safe; 1% risk of failure)
Confirm with . or Enter, or press ? or * to list all spells.
Aiming: Sandblast (safe; 1% risk of failure)
Press: ? - help, Shift-Dir - straight line, f/p - ogre
Aim: an ogre, wielding a +0 giant club (almost dead, poisoned, 92% to hit)
The blast of sand hits the ogre!
You kill the ogre!
Vehumet accepts your kill.
c - 47 stones
Casting: Sandblast (safe; 1% risk of failure)
Confirm with . or Enter, or press ? or * to list all spells.
Aiming: Sandblast (safe; 1% risk of failure)
Press: ? - help, Shift-Dir - straight line, f - two-headed ogre
Aim: a two-headed ogre, wielding two +0 giant spiked clubs (92% to hit)
The blast of sand hits the two-headed ogre!
The two-headed ogre is lightly wounded.
c - 46 stones A centaur comes into view.
Casting: Sandblast (safe; 1% risk of failure)
Confirm with . or Enter, or press ? or * to list all spells.
Aiming: Sandblast (safe; 1% risk of failure)
Press: ? - help, Shift-Dir - straight line, f/p - two-headed ogre
Aim: a two-headed ogre, wielding two +0 giant spiked clubs (lightly wounded, 92% to hit)
The blast of sand misses the two-headed ogre.
c - 45 stones The centaur shouts!
The two-headed ogre hits you with a +0 giant spiked club!! x2
* * * LOW HITPOINT WARNING * * *
The centaur wields a +0 shortbow.
The centaur shoots an arrow.
The arrow hits you!
You die...

.........#.#+#+#.....#.#
.##.##..##.#.#.#........
...... ..........#+###.#
.#.#.....##.............
...# ..#......#.#..##.# .#
.#.. #.......#.#..##.#..##
.#...# #....##.#.#..##.....
...... ##...##.........#..#
.#....#..#......@.........+
... .#....#..###..O.##.#..#
...##.....#.##
#....##.#..###..
.#............
#+##cZ..Z.......
.##.##<....## ####.†..##..
....).......# #...†).....
...###..#.### ##..#(((.#.
.### #..#.# ##...((#$# .#
#..# #.#..#.((


You could see a two-headed ogre, a centaur and a bullfrog zombie.

Vanquished Creatures
  Pikel (D:5)
  The ghost of DrabberRogue the Insei, an amateur HuTm (D:4)
  The ghost of canonizer the Chopper, an amateur GrBe of Trog (D:3)
  A sky beast (D:5)
  A black bear (D:6)
  An ice beast (D:5)
  A necrophage (D:6)
  2 ogres
  A lemure (D:5)
  2 kobold brigands
  A bullfrog (D:6)
  A howler monkey (D:6)
  2 hounds
  2 iguanas (D:6)
  A scorpion zombie (D:5)
  4 orc wizards
  A howler monkey zombie (D:5)
  3 gnolls (D:2)
  4 adders (D:3)
  2 shadow imps
  A white imp (D:4)
  2 ufetubi
  2 worms (D:2)
  A dart slug (D:1)
  10 orcs
  9 ball pythons
  2 bats
  8 endoplasms
  3 giant cockroaches
  5 goblins
  6 hobgoblins
  8 jackals
  3 frilled lizards
  A goblin skeleton (D:4)
  2 goblin zombies (D:4)
  3 hobgoblin zombies (D:4)
  22 kobolds
  A kobold skeleton (D:4)
  A kobold zombie (D:4)
  An orc zombie (D:4)
  4 rats
128 creatures vanquished.

Vanquished Creatures (others)
  A fungus (D:4)
  4 plants
5 creatures vanquished.

Grand Total: 133 creatures vanquished

Notes
Turn   | Place    | Note
-------+----------+-------------------------------------------
     0 | D:1      | ZARRMARR the Gargoyle Earth Elementalist began the quest
                  | for the Orb.
     0 | D:1      | Reached XP level 1. HP: 10/10 MP: 3/3
   376 | D:1      | Reached XP level 2. HP: 15/15 MP: 5/5
   403 | D:1      | Reached skill level 4 in Earth Magic
   808 | D:1      | Reached XP level 3. HP: 19/19 MP: 6/6
   944 | D:1      | Found a faded altar of an unknown god.
  1882 | D:2      | Reached XP level 4. HP: 13/24 MP: 8/8
  1883 | D:2      | Reached skill level 5 in Earth Magic
  2767 | D:3      | Reached XP level 5. HP: 21/28 MP: 10/10
  3193 | D:3      | Found a sacrificial altar of Ru.
  3215 | D:3      | Became a worshipper of Ru the Awakened
  3256 | D:3      | Found a runed translucent door.
  3258 | D:3      | Noticed canonizer's ghost (amateur GrBe)
  3294 | D:3      | Found a blossoming altar of Fedhas.
  3591 | D:4      | Found a glowing golden altar of the Shining One.
  3757 | D:4      | Noticed an ogre
  3762 | D:4      | Killed an ogre
  3763 | D:4      | Reached skill level 6 in Earth Magic
  3763 | D:4      | Reached XP level 6. HP: 32/32 MP: 12/12
  4018 | D:4      | Found Xuronl Voucw's Distillery.
  4349 | D:4      | Found a runed translucent gate.
  4352 | D:4      | Found a runed translucent gate.
  4352 | D:4      | Found a runed translucent gate.
  4368 | D:4      | Noticed DrabberRogue's ghost (amateur HuTm)
  5315 | D:3      | Killed canonizer's ghost
  5316 | D:3      | Reached XP level 7. HP: 14/37 MP: 14/14
 11148 | D:5      | Entered Level 5 of the Dungeon
 11244 | D:5      | Found an iron altar of Okawaru.
 11247 | D:5      | Found a radiant altar of Vehumet.
 11250 | D:5      | Found a burning altar of Makhleb.
 11268 | D:5      | Reached skill level 5 in Spellcasting
 11268 | D:5      | Reached skill level 7 in Earth Magic
 11354 | D:5      | Found an opulent altar of Gozag.
 11360 | D:5      | Fell from the grace of Ru
 11360 | D:5      | Became a worshipper of Vehumet
 11689 | D:5      | Found a staircase to the Ecumenical Temple.
 11870 | D:5      | Found a shadowy altar of Dithmenos.
 12166 | D:4      | Killed DrabberRogue's ghost
 12167 | D:4      | Reached skill level 8 in Earth Magic
 12167 | D:4      | Reached XP level 8. HP: 38/42 MP: 12/16
 12697 | D:6      | Noticed Pikel
 12777 | D:5      | Killed Pikel
 12778 | D:5      | Reached skill level 1 in Fighting
 12778 | D:5      | Reached skill level 9 in Earth Magic
 12928 | D:6      | Reached XP level 9. HP: 47/47 MP: 19/19
 13060 | D:6      | Found Ophamomn's Magic Scroll Shop.
 13097 | D:6      | Bought a scroll of identify for 28 gold pieces
 13097 | D:6      | Bought a scroll of identify for 28 gold pieces
 13097 | D:6      | Bought a scroll of identify for 28 gold pieces
 13143 | D:6      | Reached * piety under Vehumet
 13143 | D:6      | Offered knowledge of Magic Dart by Vehumet.
 13172 | D:6      | Noticed a two-headed ogre
 13185 | D:6      | Shot with an arrow by a centaur

Illustrated notes

Levels and vault maps discovered:
D:1:      minmay_arrival_doors, layout_rooms, ebering_ecumenical_altar_box
D:2:      layout_loops_ring, minmay_misc_feat_tower
D:3:      layout_loops_ring, overflow_temple_1_default, nicolae_ru_awakened_eye,
          ebering_ghost_reflecting_pool, dk_noncrumbling_2,
          minmay_shallow_snake_nest
D:4:      layout_loops_corners, nicolae_tso_besieged_by_evil, serial_shops,
          shop, gammafunk_ghost_nasty_kobolds, nrook_uturn
D:5:      layout_rooms, grunt_dithmenos_shadows,
          grunt_temple_overflow_cloverleaf, minmay_temple_entry_ruins,
          serial_corexii_hall, corexii_hall_statues_i, corexii_hall_statues_u,
          corexii_hall_statues_u, corexii_hall_statues_deadend
D:6:      cheibrodos_fzero, layout_basic, serial_shops, nicolae_stop_n_shop_2,
          roderic_serpentine_path, grunt_ministairs_10, dk_noncrumbling_4,
          minmay_misc_feat_chi, uniq_pikel

Skill      XL: |  1  2  3  4  5  6  7  8 |
---------------+-------------------------+-----
Earth Magic    | 4 5 6 8 9 |  9.9
Spellcasting   | 3 4 5 7 |  7.5
Dodging        | 2 |  2.6
Stealth        | 4 |  4.2
Fighting       | 1 |  1.2
Transmutations | |  0.7

Action                   |  1- 3 |  4- 6 |  7- 9 || total
-------------------------+-------+-------+-------++-------
Melee: Unarmed           |    82 |    37 |    56 ||   175
Throw: Dart              |       |    25 |    30 ||    55
       Stone             |       |       |     2 ||     2
 Cast: Sandblast         |    50 |    81 |    80 ||   211
Invok: Reject Sacrifices |       |     1 |       ||     1
  Use: Scroll            |     1 |     1 |     4 ||     6
       Potion            |       |     2 |       ||     2
 Stab: Sleeping          |     2 |       |       ||     2
Armor: Robe              |    41 |    18 |    30 ||    89
       Skin              |       |    12 |       ||    12
Dodge: Dodged            |    65 |    30 |    48 ||   143
